 Dungeon Crawl Stone Soup version 0.31.0-11-ge490571c62 (webtiles) character file.

Game seed: 9746656342911602870

10 browni3141 the Shooter (level 2, 22/22 HPs)
             Began as a Demonspawn Hunter on Jan 31, 2024.
             Got out of the dungeon alive.
             The game lasted 00:00:06 (164 turns).

browni3141 the Shooter (Demonspawn Hunter)           Turns: 164, Time: 00:00:06

Health: 22/22      AC:  3    Str: 11    XL:     2   Next: 10%
Magic:  2/2        EV: 12    Int:  9    God:
Gold:   28         SH:  0    Dex: 16    Spells: 1/1 levels left

rFire   . . .        a - +0 shortbow
rCold   . . .        (shield currently unavailable)
rNeg    . . .        c - +0 leather armour
rPois   .            (no helmet)
rElec   .            (no cloak)
rCorr   .            (no gloves)
SInv    .            (no boots)
Will    .....        (no amulet)
Stlth   ++           (no ring)
HPRegen 0.23/turn    (no ring)
MPRegen 0.16/turn

%: no passive effects
@: no status effects
A: magic regeneration
a: no special abilities


You escaped.
You visited 1 branch of the dungeon, and saw 1 of its levels.

You collected 28 gold pieces.

Inventory:

Hand Weapons
 a - a +0 shortbow (weapon)
Armour
 c - a +0 leather armour (worn)
Scrolls
 b - a scroll of butterflies
Potions
 d - a potion of resistance {unknown}


   Skills:
 + Level 2.2 Fighting
 + Level 3.7 Ranged Weapons
 + Level 2.0 Dodging
 + Level 1.2 Stealth


You had one spell level left.
You didn't know any spells.
Your spell library was empty.

Dungeon Overview and Level Annotations

Branches:
Dungeon (1/15)

Altars:


Innate Abilities, Weirdness & Mutations

You regenerate magic rapidly.


Message History

The barachi shouts!
The demonspawn shouts!
The elf shouts!
The merfolk shouts!
The demigod shouts!
The felid hisses angrily.
The orc shouts!
The kobold shouts!
The naga shouts!
The gnoll shouts!
The octopode shouts!
The djinni shouts!
The human shouts!
The troll shouts!
d - a sedimented blue potion No reachable target in view!
The vine stalker shouts!
You open the door.
There is an open door here.
A goblin comes into view. It is wielding a +0 club.
The goblin shouts!
You hear a shout!
You shoot an arrow. The arrow hits the goblin.
You kill the goblin!
An endoplasm comes into view.
The endoplasm moves out of view.
No target in view!
A kobold comes into view. It is wielding a +0 club.
You shoot an arrow. The arrow hits the kobold!
You kill the kobold!
Your Stealth skill increases to level 1!
An endoplasm is nearby!
You shoot an arrow. The arrow hits the endoplasm!
You kill the endoplasm!
A ball python comes into view.
A rat comes into view.
There are monsters nearby!
You shoot an arrow. The ball python hisses angrily.
The arrow hits the ball python.
The ball python is heavily wounded.
You shoot an arrow. The arrow barely misses the rat.
The arrow barely misses the ball python.
There are monsters nearby!
You shoot an arrow. The arrow hits the rat!
You kill the rat!
You shoot an arrow. The arrow hits the ball python.
You kill the ball python!
Things that are here:
a ball python corpse; a rat corpse You now have 11 gold pieces.
A goblin comes into view. It is wielding a +0 club.
A goblin is nearby!
You shoot an arrow. The arrow hits the goblin!
You kill the goblin!
You now have 25 gold pieces (gained 14).
You open the door.
There is an open door here.
There is an open door here.
Things that are here:
a +0 club; a goblin corpse You now have 28 gold pieces (gained 3).
A frilled lizard comes into view.
The frilled lizard hisses angrily.
You shoot an arrow.
The arrow closely misses the frilled lizard.
You hear a bark!
A jackal comes into view. x2
The jackal barks!
There are monsters nearby!
You shoot an arrow. The arrow barely misses the jackal.
There are monsters nearby!
You shoot an arrow. The arrow hits the jackal.
You kill the jackal!
Your Dodging skill increases to level 2!
You have reached level 2!
Your demonic ancestry asserts itself...
Your magic begins to regenerate rapidly.
A frilled lizard is nearby!
You shoot an arrow. The arrow hits the frilled lizard!
You kill the frilled lizard!
You shoot an arrow. The arrow closely misses the jackal.
You shoot an arrow. The arrow hits the jackal!
You kill the jackal!
No target in view!
Things that are here:
a +0 club; 3 stones
There is an open door here.
The vine stalker shouts!
The troll shouts!
The djinni shouts!
The human shouts!
The octopode shouts!
The gnoll shouts!
The naga shouts!
The kobold shouts!
The minotaur bellows!
The armataur shouts!
The orc shouts!
The draconian roars!
The merfolk shouts!
The demigod shouts!
The elf shouts!
The demonspawn shouts!
The tengu shouts!
The spriggan shouts!
There is an open door here.
There is a staircase leading out of the dungeon here.
You have escaped!

###############
####i#n#6#V#m#d#o#
#..###############
#@.'..............
#..###############
####B#F#Q#e#p#h#O#
###############


There were no monsters in sight!

Vanquished Creatures
  A ball python (D:1)
  An endoplasm (D:1)
  2 goblins (D:1)
  2 jackals (D:1)
  A frilled lizard (D:1)
  A kobold (D:1)
  A rat (D:1)
9 creatures vanquished.

Notes
Turn   | Place    | Note
-------+----------+-------------------------------------------
     0 | D:1      | browni3141 the Demonspawn Hunter began the quest for the
                  | Orb.
     0 | D:1      | Reached XP level 1. HP: 16/16 MP: 1/1
     2 | D:1      | Noticed a spriggan
     2 | D:1      | Noticed a formicid
     4 | D:1      | Noticed a ghoul
     4 | D:1      | Noticed a barachi
     6 | D:1      | Noticed a demonspawn
     6 | D:1      | Noticed a tengu
     8 | D:1      | Noticed a vampire
     8 | D:1      | Noticed an elf
    10 | D:1      | Noticed a merfolk
    10 | D:1      | Noticed a demigod
    12 | D:1      | Noticed a draconian
    12 | D:1      | Noticed a felid
    14 | D:1      | Noticed an oni
    16 | D:1      | Noticed an armataur
    18 | D:1      | Noticed a minotaur
    18 | D:1      | Noticed a naga
    20 | D:1      | Noticed an octopode
    22 | D:1      | Noticed a djinni
    22 | D:1      | Noticed a human
    24 | D:1      | Noticed a troll
    27 | D:1      | Noticed a gargoyle
    27 | D:1      | Noticed a vine stalker
    40 | D:1      | Reached skill level 1 in Stealth
   112 | D:1      | Gained mutation: You regenerate magic rapidly. [demonic
                  | ancestry]
   112 | D:1      | Reached XP level 2. HP: 22/22 MP: 2/2
   164 | D:$      | Got out of the dungeon alive.

Illustrated notes

Levels and vault maps discovered:
D:1:      kb_arrival_jail, layout_basic, chequers_mini_garden,
          roderic_serpentine_path

Skill      XL: |  1 |
---------------+----+-----
Stealth        | 1 |  1.2
Dodging        | 2 |  2.0
Fighting       | |  2.2
Ranged Weapons | |  3.7

Action                     || total
---------------------------++-------
   Fire: Shortbow          ||    14
